 Dungeon Crawl Stone Soup version 0.23.2-33-g5129a83184 (webtiles) character file.

Game seed: 10324430442095078776

116 Derp the Cudgeler (level 4, 0/40 HPs)
             Began as a Draconian Berserker on July 13, 2019.
             Was a Priest of Trog.
             Succumbed to a goblin's poison
             ... on level 3 of the Dungeon.
             The game lasted 00:05:44 (1735 turns).

Derp the Cudgeler (Draconian Berserker)             Turns: 1735, Time: 00:05:44

Health: 0/40       AC:  5    Str: 20    XL:     4   Next: 69%
Magic:  4/4        EV: 18    Int:  8    God:    Trog [***...]
Gold:   165        SH:  0    Dex: 15    Spells: 3/3 levels left

rFire    . . .     SeeInvis .   a - +0 mace
rCold    . . .     Gourm    .   (no shield)
rNeg     . . .     Faith    .   (armour unavailable)
rPois    .         Spirit   .   (helmet restricted)
rElec    .         Reflect  .   (no cloak)
rCorr    .         Harm     .   (no gloves)
MR       .....                  (no boots)
Stlth    ++........             (no amulet)
HPRegen  0.13/turn              (no ring)
MPRegen  0.09/turn              (no ring)

@: agile, lethally poisoned (0 -> -8), flying, hasted, very quick
A: unfitting armour, cold-blooded, AC +5
a: Berserk, Trog's Hand, Renounce Religion


You were on level 3 of the Dungeon.
You worshipped Trog.
Trog was most pleased with you.
You were not hungry.

You visited 1 branch of the dungeon, and saw 3 of its levels.

You collected 165 gold pieces.

Inventory:

Hand Weapons
 a - a +0 mace (weapon)
Jewellery
 e - an uncursed ring of resist corrosion {unknown}
 g - an uncursed ring of see invisible
Scrolls
 c - a scroll of magic mapping {unknown}
 h - 2 scrolls of identify {unknown}
 i - a scroll of fear {unknown}
Potions
 f - a potion of brilliance {unknown}
Comestibles
 b - 4 rations


   Skills:
 + Level 3.9 Fighting
 + Level 4.6 Maces & Flails
 + Level 3.2 Dodging
 + Level 0.2 Stealth


You had 3 spell levels left.
You didn't know any spells.
Your spell library was empty.

Dungeon Overview and Level Annotations

Branches:
Dungeon (3/15)

Altars:

Annotations:
D:3 Robin


Innate Abilities, Weirdness & Mutations

Your plain brown scales are hard. (AC +5)
You cannot fit into any form of body armour.
You are cold-blooded and may be slowed by cold attacks.


Message History

You feel sick. The goblin closely misses you.
Robin flexes a bicep menacingly.
* * * LOW HITPOINT WARNING * * *
You feel sick.
The goblin no longer looks unusually strong.
It was a potion of flight.
You feel very buoyant.
You fly up into the air.
* * * LOW HITPOINT WARNING * * *
You feel sick.
The goblin unwields a +0 club.
The goblin wields a +0 hunting sling.
The goblin shoots a stone.
The stone hits you but does no damage.
It was a potion of agility.
You feel agile all of a sudden.
* * * LOW HITPOINT WARNING * * *
You feel sick. The goblin closely misses you.
Robin roars a battlecry!
The goblins go into a battle-frenzy!
It was a potion of haste.
You feel yourself speed up.
You die... #.........# #...g...# #..l..# #ggg#

#'# #K# #g#
##g########
####†g@.......
#.......######
###.##....#
........#.# .#
###.##..#.##.#
# #.......#
##.#......
#.#.#####
#.###.#.#


You could see Robin, a hobgoblin, 4 goblins, a kobold and a frilled lizard.

Vanquished Creatures
  3 gnolls
  An adder (D:2)
  2 worms (D:2)
  2 dart slugs
  A leopard gecko (D:1)
  A ball python (D:1)
  4 bats
  3 giant cockroaches (D:1)
  23 goblins
  9 hobgoblins
  7 kobolds
  7 rats
63 creatures vanquished.

Notes
Turn   | Place    | Note
-------+----------+-------------------------------------------
     0 | D:1      | Derp the Draconian Berserker began the quest for the Orb.
     0 | D:1      | Reached XP level 1. HP: 19/19 MP: 1/1
    78 | D:1      | Reached XP level 2. HP: 12/26 MP: 2/2
   473 | D:1      | Reached ** piety under Trog
   620 | D:1      | Reached XP level 3. HP: 31/31 MP: 3/3
   924 | D:2      | Reached skill level 4 in Maces & Flails
  1202 | D:2      | Reached XP level 4. HP: 33/40 MP: 4/4
  1569 | D:2      | Reached *** piety under Trog
  1714 | D:3      | Identified the +0 helmet of Kaz Suh {rC- rN+ Stlth+}
  1714 | D:3      | Noticed Robin
  1732 | D:3      | HP: 2/40 [poisoned by a goblin]
  1735 | D:3      | Succumbed to a goblin's poison

Skill      XL: |  1  2  3 |
---------------+----------+-----
Dodging        | 3 |  3.2
Maces & Flails | 4 |  4.6
Fighting       | |  3.9
Stealth        | |  0.2

Action                   |  1- 3 |  4- 6 || total
-------------------------+-------+-------++-------
Melee: Mace              |   126 |    48 ||   174
       Tailslap          |    15 |     2 ||    17
  Use: Potion            |       |     3 ||     3
 Stab: Sleeping          |     1 |       ||     1
  Eat: Chunk             |       |     2 ||     2
       Ration            |       |     1 ||     1
Armor: Skin              |    43 |    10 ||    53
Dodge: Dodged            |   101 |    31 ||   132
